NWL (28 & UNDER)
BISMARCK BARONS @ MENLO MANIACS
08/25/2027
 
TOP OF THE 1ST
Bismarck Barons batting - Pitching for Menlo Maniacs : RHP José Córdova
Pitching: RHP José Córdova
Batting: SHB Álex Hernández 0-0: Foul Ball, location: 2F
0-1: Ball
1-1: Foul Ball, location: 2F
1-2: Ball
2-2: Foul Ball, location: 2F
2-2: Strikes out swinging
Batting: LHB John Frost 0-0: Called Strike
0-1: Ball
1-1: Bunt for hit - play at first, batter OUT! 5-3
Batting: RHB Michael Thomas 0-0: Ball
1-0: DOUBLE (Line Drive, 7LS)
Batting: RHB Esteban Lara 0-0: Called Strike
0-1: Swinging Strike
0-2: Foul Ball, location: 2F
0-2: Ball
1-2: Ball
2-2: Strikes out swinging
Top of the 1st over - 0 run(s), 1 hit(s), 0 error(s), 1 left on base; Bismarck 0 - Menlo 0
BOTTOM OF THE 1ST
Menlo Maniacs batting - Pitching for Bismarck Barons : RHP Ron Martin
Pitching: RHP Ron Martin
Batting: RHB António López 0-0: Called Strike
0-1: Ball
1-1: Foul Ball, location: 2F
1-2: Foul Ball, location: 2F
1-2: Ball
2-2: Strikes out swinging
Batting: RHB Luis Ramírez 0-0: Ball
1-0: Ball
2-0: Ground out 5-3 (Groundball, 56)
Batting: LHB Bill McCraney 0-0: Called Strike
0-1: Swinging Strike
0-2: Ball
1-2: Foul Ball, location: 2F
1-2: Strikes out swinging
Bottom of the 1st over - 0 run(s), 0 hit(s), 0 error(s), 0 left on base; Bismarck 0 - Menlo 0
TOP OF THE 2ND
Bismarck Barons batting - Pitching for Menlo Maniacs : RHP José Córdova
Batting: LHB Jesús Bueno 0-0: Ball
1-0: Foul Ball, location: 2F
1-1: Foul Ball, location: 2F
1-2: Ball
2-2: Ball
3-2: SINGLE (Line Drive, 4MD)
Batting: SHB Manuel Hegnauer 0-0: Ball
1-0: Ball
2-0: Foul Ball, location: 2F
2-1: Ball
3-1: Base on Balls
Jesús Bueno to second
Batting: RHB Félix Trevino 0-0: Ball
1-0: Ball
2-0: Ball
3-0: Called Strike
3-1: Called Strike
3-2: Base on Balls
Jesús Bueno to third
Manuel Hegnauer to second
Batting: RHB Fernando Castellanos 0-0: Fly out, F8 (Flyball, 8RS)
Runner from 3rd tags up, SCORES, no throw
Batting: RHB Pancho Torres 0-0: Foul Ball, location: 2F
0-1: Called Strike
0-2: Ball
1-2: SINGLE (Groundball, 6MD)
Manuel Hegnauer to third
Félix Trevino to second
Runner from 3rd tries for Home, SAFE, no throw
Batting: SHB Álex Hernández 0-0: Swinging Strike
0-1: Swinging Strike
0-2: Ball
1-2: Ball
2-2: SINGLE (Line Drive, 89S)
Félix Trevino to third
Pancho Torres to second
Batting: LHB John Frost 0-0: Fly out, F8 (Flyball, 8RD)
Runner from 3rd tags up, SCORES, throw made
Batting: RHB Michael Thomas 0-0: Ball
1-0: Foul Ball, location: 2F
1-1: Ball
2-1: Called Strike
2-2: SINGLE (Flyball, 9LS)
Pancho Torres to third
Álex Hernández to second
Runner from 3rd tries for Home, SAFE, no throw
Batting: RHB Esteban Lara 0-0: Called Strike
0-1: Ball
1-1: Swinging Strike
1-2: Strikes out swinging
Top of the 2nd over - 4 run(s), 4 hit(s), 0 error(s), 2 left on base; Bismarck 4 - Menlo 0
BOTTOM OF THE 2ND
Menlo Maniacs batting - Pitching for Bismarck Barons : RHP Ron Martin
Batting: RHB Jason Blair 0-0: Called Strike
0-1: Called Strike
0-2: Ball
1-2: Ball
2-2: Strikes out swinging
Batting: LHB Tim Ramsey 0-0: Called Strike
0-1: Foul Ball, location: 2F
0-2: Ball
1-2: Strikes out swinging
Batting: RHB Kyle Mann 0-0: Called Strike
0-1: Foul Ball, location: 2F
0-2: Foul Ball, location: 2F
0-2: SINGLE (Line Drive, 6D)
Batting: RHB Currito Campos 0-0: SINGLE (Groundball, 56D)
Kyle Mann to second
Batting: RHB Miguel González 0-0: Swinging Strike
0-1: Called Strike
0-2: Strikes out swinging
Bottom of the 2nd over - 0 run(s), 2 hit(s), 0 error(s), 2 left on base; Bismarck 4 - Menlo 0
TOP OF THE 3RD
Bismarck Barons batting - Pitching for Menlo Maniacs : RHP José Córdova
Batting: LHB Jesús Bueno 0-0: Ball
1-0: SOLO HOME RUN (Flyball, 9D), Distance : 397 ft
Batting: SHB Manuel Hegnauer 0-0: Called Strike
0-1: Foul Ball, location: 2F
0-2: Ball
1-2: Fly out, F7 (Flyball, 7S)
Batting: RHB Félix Trevino 0-0: Fly out, F8 (Flyball, 8RM)
Batting: RHB Fernando Castellanos 0-0: Ball
1-0: SOLO HOME RUN (Flyball, 7D), Distance : 379 ft
Batting: RHB Pancho Torres 0-0: SINGLE (Line Drive, 78S)
Batting: SHB Álex Hernández 0-0: Called Strike
0-1: Swinging Strike
Pancho Torres is caught stealing 2nd base
Top of the 3rd over - 2 run(s), 3 hit(s), 0 error(s), 0 left on base; Bismarck 6 - Menlo 0
BOTTOM OF THE 3RD
Menlo Maniacs batting - Pitching for Bismarck Barons : RHP Ron Martin
Batting: RHB Vaughan Price 0-0: Ball
1-0: Ball
2-0: Swinging Strike
2-1: Swinging Strike
2-2: Strikes out looking
Batting: RHB António López 0-0: Called Strike
0-1: Foul Ball, location: 2F
0-2: Ball
1-2: Strikes out looking
Batting: RHB Luis Ramírez 0-0: Ball
1-0: Swinging Strike
1-1: Called Strike
1-2: Ball
2-2: Strikes out swinging
Bottom of the 3rd over - 0 run(s), 0 hit(s), 0 error(s), 0 left on base; Bismarck 6 - Menlo 0
TOP OF THE 4TH
Bismarck Barons batting - Pitching for Menlo Maniacs : RHP José Córdova
Batting: SHB Álex Hernández 0-0: Ball
1-0: Called Strike
1-1: Ball
2-1: DOUBLE (Line Drive, 78D)
Batting: LHB John Frost 0-0: Ball
Álex Hernández steals 3rd base
1-0: Called Strike
1-1: Foul Ball, location: 2F
1-2: Foul Ball, location: 2F
1-2: Ground out 4-3 (Groundball, 4S)
Álex Hernández scores
Pitching: RHP Jason Spencer
Batting: RHB Michael Thomas 0-0: Foul Ball, location: 2F
0-1: Swinging Strike
0-2: SINGLE (Flyball, 8LS)
Batting: RHB Esteban Lara 0-0: Called Strike
0-1: Ball
1-1: Ball
2-1: Ball
3-1: Called Strike
3-2: Foul Ball, location: 2F
3-2: Foul Ball, location: 2F
3-2: Foul Ball, location: 2F
3-2: Strikes out swinging
Michael Thomas is caught stealing 2nd base
Batter strikes out.
Top of the 4th over - 1 run(s), 2 hit(s), 0 error(s), 0 left on base; Bismarck 7 - Menlo 0
BOTTOM OF THE 4TH
Menlo Maniacs batting - Pitching for Bismarck Barons : RHP Ron Martin
Batting: LHB Bill McCraney 0-0: Ball
1-0: Ball
2-0: Foul Ball, location: 2F
2-1: Ground out U3 (Groundball, 34S)
Batting: RHB Jason Blair 0-0: Called Strike
0-1: Ball
1-1: Ball
2-1: SINGLE (Line Drive, 7S)
Batting: LHB Tim Ramsey 0-0: Called Strike
0-1: Ball
1-1: SINGLE (Groundball, 15) (infield hit)
Jason Blair to second
Batting: RHB Kyle Mann 0-0: Ball
1-0: Called Strike
1-1: Ball
2-1: Ball
3-1: Foul Ball, location: 2F
3-2: Fly out, F8 (Flyball, 8LM)
Runner from 2nd tags up, SAFE at 3rd with throw
Batting: RHB Currito Campos 0-0: Fielders Choice at 2nd, 5-4 (Groundball, 56)
Bottom of the 4th over - 0 run(s), 2 hit(s), 0 error(s), 1 left on base; Bismarck 7 - Menlo 0
TOP OF THE 5TH
Bismarck Barons batting - Pitching for Menlo Maniacs : RHP Jason Spencer
Batting: LHB Jesús Bueno 0-0: Foul Ball, location: 2F
0-1: Ground out U3 (Groundball, 34)
Batting: SHB Manuel Hegnauer 0-0: Called Strike
0-1: Ball
1-1: Ground out 6-3 (Groundball, 6M)
Batting: RHB Félix Trevino 0-0: Ball
1-0: Ball
2-0: Called Strike
2-1: Ball
3-1: Foul Ball, location: 2F
3-2: Foul Ball, location: 2F
3-2: Base on Balls
Batting: RHB Fernando Castellanos 0-0: Swinging Strike
0-1: Ball
1-1: Ball
2-1: Ball
3-1: Called Strike
3-2: Strikes out swinging
Top of the 5th over - 0 run(s), 0 hit(s), 0 error(s), 1 left on base; Bismarck 7 - Menlo 0
BOTTOM OF THE 5TH
Menlo Maniacs batting - Pitching for Bismarck Barons : RHP Ron Martin
Batting: RHB Miguel González 0-0: Ground out 4-3 (Groundball, 4)
Batting: RHB Vaughan Price 0-0: Called Strike
0-1: Called Strike
0-2: Strikes out looking
Batting: RHB António López 0-0: Ball
1-0: Fly out, F4 (Line Drive, 4)
Bottom of the 5th over - 0 run(s), 0 hit(s), 0 error(s), 0 left on base; Bismarck 7 - Menlo 0
TOP OF THE 6TH
Bismarck Barons batting - Pitching for Menlo Maniacs : RHP Jason Spencer
Batting: RHB Pancho Torres 0-0: Called Strike
0-1: Ball
1-1: Swinging Strike
1-2: Foul Ball, location: 2F
1-2: Strikes out looking
Batting: SHB Álex Hernández 0-0: Called Strike
0-1: Swinging Strike
0-2: Ball
1-2: SINGLE (Groundball, 6MD)
Batting: LHB John Frost 0-0: Called Strike
0-1: Called Strike
0-2: Ball
1-2: Ball
2-2: Foul Ball, location: 2F
2-2: Foul Ball, location: 2F
2-2: Ball
3-2: Base on Balls
Álex Hernández to second
Pitching: RHP Raúl García
Batting: RHB Michael Thomas 0-0: Ball
1-0: Ball
2-0: Ball
3-0: Base on Balls
Álex Hernández to third
John Frost to second
Batting: RHB Esteban Lara 0-0: Ball
1-0: Ball
2-0: Ball
3-0: Called Strike
3-1: Called Strike
3-2: Foul Ball, location: 2F
3-2: Foul Ball, location: 2F
3-2: Foul Ball, location: 2F
3-2: TRIPLE (Flyball, 8LXD)
Álex Hernández scores
John Frost scores
Michael Thomas scores
Batting: LHB Jesús Bueno 0-0: Foul Ball, location: 2F
0-1: Foul Ball, location: 2F
0-2: SINGLE (Flyball, 7LS)
Esteban Lara scores
Batting: SHB Manuel Hegnauer 0-0: Ball
1-0: Ball
2-0: Ball
3-0: Base on Balls
Jesús Bueno to second
Batting: RHB Félix Trevino 0-0: Swinging Strike
0-1: Swinging Strike
0-2: Ball
1-2: Foul Ball, location: 2F
1-2: Strikes out swinging
Batting: RHB Fernando Castellanos 0-0: Called Strike
0-1: Swinging Strike
0-2: Foul Ball, location: 2F
0-2: Ball
1-2: Ball
2-2: Strikes out swinging
Top of the 6th over - 4 run(s), 3 hit(s), 0 error(s), 2 left on base; Bismarck 11 - Menlo 0
BOTTOM OF THE 6TH
Menlo Maniacs batting - Pitching for Bismarck Barons : RHP Ron Martin
Batting: RHB Luis Ramírez 0-0: Called Strike
0-1: Ball
1-1: Swinging Strike
1-2: Ball
2-2: Strikes out swinging
Batting: LHB Bill McCraney 0-0: Foul Ball, location: 2F
0-1: Ball
1-1: Swinging Strike
1-2: SINGLE (Groundball, 6D)
Batting: RHB Jason Blair 0-0: Called Strike
0-1: Ball
1-1: Ball
2-1: Foul Ball, location: 2F
2-2: Hit by Pitch
Bill McCraney to second
Batting: LHB Tim Ramsey 0-0: Ball
1-0: Ball
2-0: Fly out, F8 (Flyball, 89M)
Batting: RHB Kyle Mann 0-0: Foul Ball, location: 2F
0-1: DOUBLE (Line Drive, 78D)
Bill McCraney scores
Jason Blair to third
Pitching: RHP Jesús Díaz
Batting: RHB Currito Campos 0-0: Called Strike
0-1: Ball
1-1: Ball
2-1: Ball
3-1: Foul Ball, location: 2F
3-2: Fly out, F9 (Flyball, 9S)
Bottom of the 6th over - 1 run(s), 2 hit(s), 0 error(s), 2 left on base; Bismarck 11 - Menlo 1
TOP OF THE 7TH
Bismarck Barons batting - Pitching for Menlo Maniacs : RHP Raúl García
Batting: RHB Pancho Torres 0-0: Ball
1-0: Ball
2-0: Ball
3-0: Called Strike
3-1: Foul Ball, location: 2F
3-2: Ground out U3 (Groundball, 34S)
Batting: SHB Álex Hernández 0-0: DOUBLE (Flyball, 89M)
Batting: LHB John Frost 0-0: Ball
1-0: Foul Ball, location: 2F
1-1: Fly out, F7 (Line Drive, 78S)
Batting: RHB Michael Thomas 0-0: Called Strike
0-1: SINGLE (Groundball, 56D)
Álex Hernández to third
Throwing error, E7
Álex Hernández scores
Michael Thomas to second
Batting: RHB Esteban Lara 0-0: Swinging Strike
0-1: Ball
1-1: Ball
Wild Pitch!
Michael Thomas to third
2-1: Foul Ball, location: 2F
2-2: Foul Ball, location: 2F
2-2: Ball
3-2: Fly out, F9 (Flyball, 9S)
Top of the 7th over - 1 run(s), 2 hit(s), 1 error(s), 1 left on base; Bismarck 12 - Menlo 1
BOTTOM OF THE 7TH
Menlo Maniacs batting - Pitching for Bismarck Barons : RHP Jesús Díaz
Batting: RHB Miguel González 0-0: Called Strike
0-1: Swinging Strike
0-2: Foul Ball, location: 2F
0-2: Foul Ball, location: 2F
0-2: Strikes out swinging
Batting: RHB Vaughan Price 0-0: Ball
1-0: Foul Ball, location: 2F
1-1: Ball
2-1: Foul Ball, location: 2F
2-2: Ball
3-2: Base on Balls
Batting: RHB António López 0-0: Fielders Choice at 2nd, 6-4 (Groundball, 6)
Batting: RHB Luis Ramírez 0-0: Ball
1-0: SINGLE (Flyball, 8RS)
António López to second
Runner from 2nd tries for 3rd, SAFE, no throw
Batting: LHB Bill McCraney 0-0: DOUBLE (Flyball, 8RXD)
António López scores
Luis Ramírez to third
Runner from 3rd tries for Home, throw and OUT!
Bottom of the 7th over - 1 run(s), 2 hit(s), 0 error(s), 1 left on base; Bismarck 12 - Menlo 2
TOP OF THE 8TH
Bismarck Barons batting - Pitching for Menlo Maniacs : RHP Raúl García
Batting: LHB Jesús Bueno 0-0: SINGLE (Line Drive, 56D)
Batting: SHB Manuel Hegnauer 0-0: Called Strike
0-1: Ball
1-1: Ball
2-1: Ball
3-1: Foul Ball, location: 2F
3-2: Base on Balls
Jesús Bueno to second
Pitching: RHP Jesús Martínez
Batting: RHB Félix Trevino 0-0: Swinging Strike
0-1: Ball
1-1: Grounds into double play, 4-6-3 (Groundball, 4)
Jesús Bueno to third
Batting: RHB Fernando Castellanos 0-0: Ball
1-0: Ball
2-0: Called Strike
2-1: Called Strike
2-2: Ball
3-2: Ground out 6-3 (Groundball, 6M)
Top of the 8th over - 0 run(s), 1 hit(s), 0 error(s), 1 left on base; Bismarck 12 - Menlo 2
BOTTOM OF THE 8TH
Menlo Maniacs batting - Pitching for Bismarck Barons : RHP Jesús Díaz
Batting: RHB Jason Blair 0-0: SINGLE (Groundball, 4MD)
Batting: LHB Tim Ramsey 0-0: Ball
1-0: Ball
2-0: Called Strike
2-1: Called Strike
2-2: Foul Ball, location: 2F
2-2: Ball
3-2: Base on Balls
Jason Blair to second
Batting: RHB Kyle Mann 0-0: Fly out, F8 (Flyball, 8RM)
Batting: RHB Currito Campos 0-0: Grounds into double play, 6-4-3 (Groundball, 6)
Bottom of the 8th over - 0 run(s), 1 hit(s), 0 error(s), 1 left on base; Bismarck 12 - Menlo 2
TOP OF THE 9TH
Bismarck Barons batting - Pitching for Menlo Maniacs : RHP Jesús Martínez
Batting: RHB Pancho Torres 0-0: Called Strike
0-1: SINGLE (Groundball, 6MD)
Batting: SHB Álex Hernández 0-0: Ball
1-0: Ball
Wild Pitch!
Pancho Torres to second
2-0: Ball
3-0: Called Strike
3-1: Base on Balls
Batting: LHB John Frost 0-0: Ball
1-0: Ball
2-0: Called Strike
2-1: Foul Ball, location: 2F
2-2: 3-RUN HOME RUN (Flyball, 89XD), Distance : 395 ft
Batting: RHB Michael Thomas 0-0: Ball
1-0: Swinging Strike
1-1: Foul Ball, location: 2F
1-2: Fly out, F9 (Flyball, 9S)
Pinch Hitting: RHB Seiji Kouno 0-0: Foul Ball, location: 2F
0-1: Called Strike
0-2: Ground out 6-3 (Groundball, 6)
Batting: LHB Jesús Bueno 0-0: Ball
1-0: Swinging Strike
1-1: Ball
2-1: Ball
3-1: Called Strike
3-2: Base on Balls
Batting: SHB Manuel Hegnauer 0-0: Ball
1-0: Called Strike
1-1: Ball
2-1: Called Strike
2-2: Fly out, F7 (Flyball, 7S)
Top of the 9th over - 3 run(s), 2 hit(s), 0 error(s), 1 left on base; Bismarck 15 - Menlo 2
BOTTOM OF THE 9TH
Menlo Maniacs batting - Pitching for Bismarck Barons : RHP Jesús Díaz
Now at 2B: Jeff Chambers
Now at 3B: Mark Roy
Batting: RHB Miguel González 0-0: Ground out 4-3 (Groundball, 4)
Batting: RHB Vaughan Price 0-0: Foul Ball, location: 2F
0-1: Ball
1-1: Fly out, F3 (Line Drive, 3)
Batting: RHB António López 0-0: Ball
1-0: Foul Ball, location: 2F
1-1: Fly out, F8 (Flyball, 8LM)
Bottom of the 9th over - 0 run(s), 0 hit(s), 0 error(s), 0 left on base; Bismarck 15 - Menlo 2
Thursday, March 30th, 2017 - OOTP Baseball 17.12 Build 75